 Dungeon Crawl Stone Soup version 0.26-a0-181-g2520fe3 (webtiles) character file.

Game seed: 10881540067747983729

30 Firecrotchwizard the Skirmisher (level 3, 0/33 HPs)
             Began as a Hill Orc Fighter on July 3, 2020.
             Succumbed to an adder's poison
             ... on level 2 of the Dungeon.
             The game lasted 00:01:20 (317 turns).

Firecrotchwizard the Skirmisher (Hill Orc Fighter)   Turns: 317, Time: 00:01:21

Health: 0/33       AC:  6    Str: 19    XL:     3   Next: 20%
Magic:  3/3        EV:  7    Int:  8    God:
Gold:   0          SH:  9    Dex: 10    Spells: 2/2 levels left

rFire    . . .     SeeInvis .   a - +0 trident
rCold    . . .     Faith    .   c - +0 kite shield
rNeg     . . .     Spirit   .   b - +0 scale mail
rPois    .         Reflect  .   (no helmet)
rElec    .         Harm     .   (no cloak)
rCorr    .                      (no gloves)
MR       .....                  (no boots)
Stlth    ..........             (no amulet)
HPRegen  0.11/turn              (no ring)
MPRegen  0.08/turn              (no ring)

@: mighty, lethally poisoned (0 -> -3), flying
A: no striking features
a: no special abilities


You were on level 2 of the Dungeon.
You were not hungry.

You visited 1 branch of the dungeon, and saw 3 of its levels.

Inventory:

Hand Weapons
 a - a +0 trident (weapon)
Armour
 b - a +0 scale mail (worn)
 c - a +0 kite shield (worn)
Scrolls
 e - 3 scrolls of immolation {!r}
 h - a scroll of teleportation {unknown}
Comestibles
 f - a ration
 i - 5 chunks of flesh {@w0}


   Skills:
 + Level 4.0 Fighting
 * Level 3.2 Polearms
 - Level 3.2 Armour
 + Level 3.6 Shields


You had 2 spell levels left.
You didn't know any spells.
Your spell library was empty.

Dungeon Overview and Level Annotations

Branches:
Dungeon (3/15)

Altars:


Message History

An adder, a goblin and a hobgoblin come into view.
The goblin shouts!
The adder hisses angrily.
You hear a shout!
A goblin comes into view.
A hobgoblin comes into view. It is wielding a +0 club.
A goblin and a hobgoblin come into view.
The hobgoblin shouts!
The goblin shouts!
The hobgoblin shouts!
You hear a shout! x2
A bat comes into view.
A goblin comes into view. It is wielding a +0 club.
The bat hits you but does no damage. You block the bat's attack.
The bat closely misses you. You block the bat's attack.
The bat barely misses you. The bat hits you but does no damage.
The adder bites you but does no damage.
There is a stone staircase leading up here.
The bat barely misses you. The adder bites you but does no damage.
You climb upwards.
There is a stone staircase leading down here.
You miss the adder. You block the adder's attack.
The adder bites you but does no damage.
You hit the adder. The adder bites you.
You take 4 damage, and have 23/27 hp.
Your shield prevents you from hitting the adder.
The adder bites you.
You are poisoned.
The adder poisons you! The adder barely misses you.
You take 1 damage, and have 22/27 hp.
You miss the adder.
You feel sick. The adder bites you but does no damage.
You take 1 damage, and have 21/27 hp.
You hit the adder but do no damage. The adder barely misses you.
The adder bites you but does no damage.
Your scale mail prevents you from hitting the adder.
You feel sick. You block the adder's attack. The adder barely misses you.
You take 1 damage, and have 20/27 hp.
You closely miss the adder. The adder bites you.
You are more poisoned.
The adder poisons you! You block the adder's attack.
You take 4 damage, and have 16/27 hp.
You hit the adder.
You feel sick. You block the adder's attack.
You closely miss the adder.
You feel sick. The adder completely misses you.
The adder bites you but does no damage.
You take 1 damage, and have 15/27 hp.
You hit the adder.
You feel sick. The adder bites you but does no damage.
You take 1 damage, and have 14/27 hp.
You barely miss the adder. The adder bites you but does no damage.
You block the adder's attack.
You hit the adder.
You feel sick. The adder bites you but does no damage.
The adder closely misses you.
You take 1 damage, and have 13/27 hp.
You miss the adder.
You feel sick. You block the adder's attack.
You take 1 damage, and have 12/27 hp.
You miss the adder. The adder bites you but does no damage.
The adder barely misses you.
You closely miss the adder.
You feel sick. The adder bites you.
* * * LOW HITPOINT WARNING * * *
You block the adder's attack.
You take 5 damage, and have 7/27 hp.
You closely miss the adder. The adder barely misses you.
You hit the adder but do no damage.
You feel sick. You block the adder's attack. The adder bites you.
* * * LOW HITPOINT WARNING * * *
You take 2 damage, and have 5/27 hp.
You completely miss the adder. You block the adder's attack.
You closely miss the adder. You block the adder's attack. The adder bites you.
* * * LOW HITPOINT WARNING * * *
You are more poisoned.
The adder poisons you!
You take 2 damage, and have 3/27 hp.
Sorry, you're not good enough to have a special ability.
It was a potion of flight.
You feel very buoyant.
You fly up into the air.
* * * LOW HITPOINT WARNING * * *
You feel sick. You block the adder's attack.
You take 1 damage, and have 2/27 hp.
You feel very mighty all of a sudden. You block the adder's attack.
You puncture the adder!
You kill the adder!
You have reached level 3!
Your experience leads to an increase in your attributes!
Increase (s)trength, (i)ntelligence, or (d)exterity?
You feel stronger.
* * * LOW HITPOINT WARNING * * *
You feel sick.
MP restored: 3 You see here an adder corpse.
You butcher the adder corpse.
* * * LOW HITPOINT WARNING * * *
You feel sick.
Things that are here:
2 chunks of flesh {@w0}; an adder skeleton You take 1 damage, and have 1/33 hp.
You aren't carrying any potions.
As you read the scroll labeled VAIGIR VEOPNYNIDI, it crumbles to dust.
The air around you briefly surges with heat, but it dissipates.
It was a scroll of immolation.
As you read the scroll labeled IVYDAR PEETWUJ, it crumbles to dust.
It is a scroll of amnesia.
You feel forgetful for a moment.
You die...

#................
##......<.#######
#..........#
#............#
#....(.....#....
#..........#####
#..........#
##..>.....##
##@.....##
########


There were no monsters in sight!

Vanquished Creatures
  2 adders
  A worm (D:2)
  4 bats
  A goblin (D:1)
  A hobgoblin (D:1)
  A frilled lizard (D:1)
  2 rats (D:1)
12 creatures vanquished.

Notes
Turn   | Place    | Note
-------+----------+-------------------------------------------
     0 | D:1      | Firecrotchwizard the Hill Orc Fighter began the quest for
                  | the Orb.
     0 | D:1      | Reached XP level 1. HP: 19/19 MP: 1/1
   133 | D:1      | Reached XP level 2. HP: 22/27 MP: 2/2
   243 | D:2      | Reached skill level 3 in Polearms
   270 | D:3      | Reached skill level 4 in Fighting
   308 | D:2      | HP: 5/27 [adder (2)]
   311 | D:2      | HP: 2/27 [poisoned by an adder]
   313 | D:2      | Reached XP level 3. HP: 3/33 MP: 3/3
   317 | D:2      | Succumbed to an adder's poison

Illustrated notes

Levels and vault maps discovered:
D:1:      lordsloth_arrival_two_stooges, layout_basic, serial_bayou_lagoon_a
D:2:      layout_rooms, first_ration, lemuel_another_geyser
D:3:      layout_basic, uniq_natasha, uniq_robin

Skill      XL: |  1  2 |
---------------+-------+-----
Polearms       | 3 |  3.2
Fighting       | 4 |  4.0
Armour         | |  3.2
Shields        | |  3.6

Action                   || total
-------------------------++-------
Melee: Trident           ||    71
  Use: Potion            ||     2
       Scroll            ||     2
Armor: Scale mail        ||    35
Dodge: Dodged            ||    31
Block: Kite shield       ||    37

Table legend:
 A = Non-vault XP
 B = Vault XP
 C = Vault XP percentage of total XP
 D = Non-vault monster count
 E = Vault monster count
 F = Vault count percentage of total count
                 A         B        C        D         E       F
            +---------+---------+-------+---------+---------+-------
      Total |      44 |       0 |   0.0 |      12 |       0 |   0.0
            +---------+---------+-------+---------+---------+-------
        D:1 |      24 |       0 |   0.0 |       8 |       0 |   0.0
        D:2 |      18 |       0 |   0.0 |       2 |       0 |   0.0
        D:3 |       2 |       0 |   0.0 |       2 |       0 |   0.0
            +---------+---------+-------+---------+---------+-------

Levels and vault maps discovered:
D:1:      lordsloth_arrival_two_stooges, layout_basic, serial_bayou_lagoon_a
D:2:      layout_rooms, first_ration, lemuel_another_geyser
D:3:      layout_basic, uniq_natasha, uniq_robin

Table legend:
 A = Turns spent in this place as a percentage of turns spent in the entire game.
 B = Non-inter-level travel turns spent in this place as a percentage of non-inter-level travel turns spent in the entire game.
 C = Inter-level travel turns spent in this place as a percentage of turns spent in this place.
 D = Turns resting spent in this place as a percentage of non-inter-level travel turns spent in this place.
 E = Turns spent auto-exploring this place as a percentage of non-inter-level travel turns spent in this place.
 F = Non-inter-level travel turns spent in this place divided by the number of levels of this place that you've seen.
                   A       B       C       D       E      F
               +-------+-------+-------+-------+-------+----------------------
         Total | 100.0 | 100.0 |   1.6 |  25.6 |  25.3 | 104.0
       Dungeon | 100.0 | 100.0 |   1.6 |  25.6 |  25.3 | 104.0
               +-------+-------+-------+-------+-------+----------------------

Table legend:
 A = Kills in this place as a percentage of kills in entire the game.
 B = Kills by you in this place as a percentage of kills by you in the entire game.
 C = Kills by friends in this place as a percentage of kills by friends in the entire game.
 D = Other kills in this place as a percentage of other kills in the entire game.
 E = Experience gained in this place as a percentage of experience gained in the entire game.
 F = Experience gained in this place divided by the number of levels of this place that you have seen.
                   A       B       C       D       E      F
               +-------+-------+-------+-------+-------+----------------------
         Total | 100.0 | 100.0 |   N/A |   N/A | 100.0 |  14.7
       Dungeon | 100.0 | 100.0 |   N/A |   N/A | 100.0 |  14.7
               +-------+-------+-------+-------+-------+----------------------
